 Dungeon Crawl Stone Soup version 0.29.1-1-gd02db6906a (webtiles) character file.

Game seed: 9717754403782269899

548 RogueRain17 the Vexing (level 7, -6/52 HPs)
             Began as a Gnoll Arcane Marksman on Oct 2, 2022.
             Mangled by an iguana (11 damage)
             ... on level 5 of the Dungeon.
             The game lasted 00:13:04 (5593 turns).

RogueRain17 the Vexing (Gnoll Arcane Marksman)      Turns: 5593, Time: 00:13:05

Health: -6/52      AC:  3    Str: 10    XL:     7   Next: 28%
Magic:  7/12       EV: 14    Int: 12    God:
Gold:   170        SH:  0    Dex: 14    Spells: 9/13 levels left

rFire   . . .      SeeInvis .   a - +1 sling
rCold   . . .      Faith    .   (no shield)
rNeg    . . .      Spirit   .   o - +1 robe "Qealyim" {rCorr}
rPois   .          Reflect  .   (no helmet)
rElec   .          Harm     .   (no cloak)
rCorr   +          Rampage  .   (no gloves)
Will    .....                   (no boots)
Stlth   ++........              (no amulet)
HPRegen 0.17/turn               (no ring)
MPRegen 0.13/turn               (no ring)

@: lethally poisoned (-6 -> -7)
A: fangs 1, strong nose, distributed training
a: no special abilities


You were on level 5 of the Dungeon.
You visited 1 branch of the dungeon, and saw 5 of its levels.

You collected 170 gold pieces.

Inventory:

Hand Weapons
 a - a +1 sling (weapon)
Armour
 c - a +1 robe
 o - the +1 robe "Qealyim" (worn) {rCorr}
   (You found it on level 5 of the Dungeon)

   rCorr:     It protects you from acid and corrosion.
Magical Staves
 d - a staff of cold
Jewellery
 h - a ring of fire
Scrolls
 e - 2 scrolls of teleportation {unknown}
 f - a scroll of noise {unknown}
 g - 2 scrolls of magic mapping {unknown}
 i - 2 scrolls of identify {unknown}
 j - a scroll of brand weapon {unknown}
 k - 4 scrolls of summoning {unknown}
 l - a scroll of butterflies {unknown}
 n - 3 scrolls of fear
Potions
 b - 3 potions of curing {unknown}
 m - a potion of flight


   Skills:
 + Level 3.6 Fighting
 + Level 2.5 Short Blades
 + Level 2.5 Long Blades
 + Level 2.5 Axes
 + Level 2.5 Maces & Flails
 + Level 2.5 Polearms
 + Level 2.5 Staves
 + Level 5.2 Ranged Weapons
 + Level 2.5 Throwing
 + Level 2.5 Armour
 + Level 5.2 Dodging
 + Level 2.5 Stealth
 + Level 2.5 Shields
 + Level 2.5 Unarmed Combat
 + Level 3.8 Spellcasting
 + Level 2.0 Conjurations
 + Level 5.8 Hexes
 + Level 2.0 Summonings
 + Level 2.0 Necromancy
 + Level 2.0 Translocations
 + Level 2.0 Transmutations
 + Level 2.0 Fire Magic
 + Level 2.0 Ice Magic
 + Level 2.0 Air Magic
 + Level 2.0 Earth Magic
 + Level 2.0 Poison Magic
 + Level 2.7 Invocations
 + Level 2.5 Evocations


You had 9 spell levels left.
You knew the following spells:

 Your Spells              Type           Power      Damage    Failure   Level
a - Slow                  Hex            64%        N/A       1%          1
b - Portal Projectile     Hex/Tloc       22%        N/A       14%         3

Your spell library contained the following spells:

 Spells                   Type           Power      Damage    Failure   Level
 Inner Flame              Hex/Fire       11%        N/A       14%         3
 Cause Fear               Hex            8%         N/A       21%         4


Dungeon Overview and Level Annotations

Branches:
Dungeon (4/15)
 Temple: D:4-7

Altars:
Okawaru

Annotations:
D:3 Sigmund


Innate Abilities, Weirdness & Mutations

You have very sharp teeth.
Your uncanny sense of smell can sniff out nearby items.
Your experience applies equally to all skills.


Message History

The scorpion is almost dead.
You feel sick.
You are no longer poisoned.
The scorpion stings you.
You are poisoned.
The scorpion poisons you!
Fire: a) +1 sling
Press: ? - help, Q - select action, (/) - cycle Shift-Dir - straight line, f/p - scorpion
Aim: a scorpion (almost dead, 60% to hit)
You shoot a sling bullet. The sling bullet hits the scorpion.
You kill the scorpion!
You feel sick.
Casting: Portal Projectile (dangerous; 14% risk of failure)
Confirm with . or Enter, or press ? or * to list all spells.
You begin teleporting projectiles to their destination.
You feel sick. The iguana bites you.
* * * LOW HITPOINT WARNING * * *
Fire: a) +1 sling
Press: ? - help, Q - select action, (/) - cycle Shift-Dir - straight line, f - iguana
Aim: an iguana (severely wounded, 64% to hit)
You magically shoot a sling bullet.
The sling bullet hits the iguana but does no damage.
The iguana is severely wounded.
You feel sick. The iguana bites you.
* * * LOW HITPOINT WARNING * * *
Fire: a) +1 sling
Press: ? - help, Q - select action, (/) - cycle Shift-Dir - straight line, f/p - iguana
Aim: an iguana (severely wounded, 64% to hit)
You magically shoot a sling bullet.
The sling bullet hits the iguana.
The iguana is almost dead.
You are no longer teleporting projectiles to their destination.
You feel sick. The iguana misses you.
Fire: a) +1 sling
Press: ? - help, Q - select action, (/) - cycle Shift-Dir - straight line, f/p - iguana
Aim: an iguana (almost dead, 64% to hit)
You shoot a sling bullet.
The sling bullet hits the iguana but does no damage.
The iguana is almost dead.
You feel sick. The iguana bites you!
You die...

...##.#.# #.##.
....#.#.# #... #
........# #..# ##.#
!.....#.# #..#
....### ........#
#..##......∆
......#.####....#
..#
............<..###.#
>...###########.#l#
#.### ##@# ..# ###
###


You could see an iguana.

Vanquished Creatures
  A phantom (D:4)
  A necrophage (D:4)
  2 scorpions
  An orc priest (D:4)
  Terence (D:2)
  Jessica (D:3)
  An iguana (D:4)
  Natasha (twice) (D:3)
  Robin (D:2)
  2 gnolls (D:4)
  3 adders
  A shadow imp (D:4)
  An ufetubus (D:4)
  A worm (D:2)
  A dart slug (D:1)
  2 orcs (D:4)
  10 endoplasms
  4 giant cockroaches
  11 goblins
  9 hobgoblins
  A quokka (D:3)
  7 ball pythons
  3 bats (D:3)
  A frilled lizard (D:3)
  6 kobolds
  A rat (D:2)
75 creatures vanquished.

Notes
Turn   | Place    | Note
-------+----------+-------------------------------------------
     0 | D:1      | RogueRain17 the Gnoll Arcane Marksman began the quest for
                  | the Orb.
     0 | D:1      | Reached XP level 1. HP: 17/17 MP: 4/4
   322 | D:1      | Found a faded altar of an unknown god.
   346 | D:1      | Reached XP level 2. HP: 23/23 MP: 5/5
  1114 | D:2      | Reached XP level 3. HP: 11/28 MP: 7/7
  1314 | D:2      | Reached skill level 1 in Invocations
  1766 | D:2      | Noticed Terence
  1787 | D:2      | Killed Terence
  1788 | D:2      | Reached skill level 1 in Short Blades
  1788 | D:2      | Reached skill level 1 in Long Blades
  1788 | D:2      | Reached skill level 1 in Axes
  1788 | D:2      | Reached skill level 1 in Maces & Flails
  1788 | D:2      | Reached skill level 1 in Polearms
  1788 | D:2      | Reached skill level 1 in Staves
  1788 | D:2      | Reached skill level 1 in Throwing
  1788 | D:2      | Reached skill level 1 in Armour
  1788 | D:2      | Reached skill level 1 in Stealth
  1788 | D:2      | Reached skill level 1 in Shields
  1788 | D:2      | Reached skill level 1 in Unarmed Combat
  1788 | D:2      | Reached skill level 1 in Evocations
  1788 | D:2      | Reached XP level 4. HP: 17/34 MP: 8/8
  2085 | D:3      | Reached skill level 1 in Conjurations
  2085 | D:3      | Reached skill level 1 in Summonings
  2085 | D:3      | Reached skill level 1 in Necromancy
  2085 | D:3      | Reached skill level 1 in Translocations
  2085 | D:3      | Reached skill level 1 in Transmutations
  2085 | D:3      | Reached skill level 1 in Fire Magic
  2085 | D:3      | Reached skill level 1 in Ice Magic
  2085 | D:3      | Reached skill level 1 in Air Magic
  2085 | D:3      | Reached skill level 1 in Earth Magic
  2085 | D:3      | Reached skill level 1 in Poison Magic
  2105 | D:3      | Noticed Jessica
  2117 | D:3      | Killed Jessica
  2188 | D:3      | Noticed Sigmund
  2191 | D:3      | Noticed Natasha
  2355 | D:3      | Noticed Robin
  2368 | D:3      | Reached XP level 5. HP: 33/40 MP: 9/9
  2749 | D:2      | Killed Robin
  3266 | D:3      | Killed Natasha
  3580 | D:3      | Noticed Natasha
  3726 | D:4      | Found an iron altar of Okawaru.
  3840 | D:4      | HP: 3/61 [iguana (4)]
  4197 | D:4      | Reached skill level 5 in Ranged Weapons
  4197 | D:4      | Reached skill level 5 in Dodging
  4197 | D:4      | Reached XP level 6. HP: 34/47 MP: 4/11
  4458 | D:4      | Learned a level 3 spell: Portal Projectile
  4723 | D:4      | Reached XP level 7. HP: 38/52 MP: 3/12
  5314 | D:3      | Killed Natasha
  5513 | D:4      | You fall into a shaft and drop 1 floor!
  5513 | D:5      | Entered Level 5 of the Dungeon
  5536 | D:5      | Identified the +1 robe "Qealyim" {rCorr}
  5593 | D:5      | Mangled by an iguana

Illustrated notes

Levels and vault maps discovered:
D:1:      zelgadis_glass_arrival_small, layout_loops_corners,
          ebering_ecumenical_altar_hall
D:2:      layout_loops_ring, uniq_terence
D:3:      layout_basic, uniq_robin, uniq_natasha, uniq_sigmund, uniq_jessica
D:4:      layout_loops_corners, mainiacjoe_overflow_paths
D:5:      layout_loops_ring, kennysheep_mini

Skill      XL: |  1  2  3  4  5  6  7 |
---------------+----------------------+-----
Invocations    | 1 2 |  2.7
Short Blades   | 1 2 |  2.5
Long Blades    | 1 2 |  2.5
Axes           | 1 2 |  2.5
Maces & Flails | 1 2 |  2.5
Polearms       | 1 2 |  2.5
Staves         | 1 2 |  2.5
Throwing       | 1 2 |  2.5
Armour         | 1 2 |  2.5
Stealth        | 1 2 |  2.5
Shields        | 1 2 |  2.5
Unarmed Combat | 1 2 |  2.5
Spellcasting   | 3 |  3.8
Evocations     | 1 2 |  2.5
Conjurations   | 1 2 |  2.0
Summonings     | 1 2 |  2.0
Necromancy     | 1 2 |  2.0
Translocations | 1 2 |  2.0
Transmutations | 1 2 |  2.0
Fire Magic     | 1 2 |  2.0
Ice Magic      | 1 2 |  2.0
Air Magic      | 1 2 |  2.0
Earth Magic    | 1 2 |  2.0
Poison Magic   | 1 2 |  2.0
Fighting       | 3 |  3.6
Ranged Weapons | 5 |  5.2
Dodging        | 5 |  5.2
Hexes          | |  5.8

Action                   |  1- 3 |  4- 6 |  7- 9 || total
-------------------------+-------+-------+-------++-------
 Fire: Sling             |    83 |   204 |    61 ||   348
 Cast: Slow              |     3 |    20 |     3 ||    26
       Portal Projectile |       |     2 |     5 ||     7
  Use: Scroll            |     3 |       |       ||     3
       Potion            |       |     6 |       ||     6
Armor: Robe              |     1 |    19 |    10 ||    30
       Skin              |       |     8 |       ||     8
Dodge: Dodged            |    26 |   102 |    25 ||   153
